 Dungeon Crawl Stone Soup version 0.31-a0-221-gbddc013574 (webtiles) character file.

Game seed: 14844080536032448776

441 Maxmaps the Poker (level 6, -1/44 HPs)
             Began as a Demonspawn Reaver on July 4, 2023.
             Slain by a killer bee (4 damage)
             ... on level 4 of the Dungeon.
             The game lasted 00:04:27 (3700 turns).

Maxmaps the Poker (Demonspawn Reaver)               Turns: 3700, Time: 00:04:27

Health: -1/44      AC:  6    Str: 18    XL:     6   Next: 71%
Magic:  9/9        EV: 11    Int: 17    God:
Gold:   167        SH:  9    Dex: 13    Spells: 8/9 levels left

rFire   . . .        a - +0 spear
rCold   . . .        (no shield)
rNeg    . . .        b - +1 leather armour
rPois   .            (no helmet)
rElec   +            (no cloak)
rCorr   .            (no gloves)
SInv    .            (no boots)
Will    .....        p - amulet of reflection
Stlth   +            d - ring "Jaibuach" {rElec Str+6 Dex+2}
HPRegen 0.27/turn    (no ring)
MPRegen 0.11/turn

%: reflection
@: lethally poisoned (-1 -> -8), hasted, very quick
A: hooves 1, icy blue scales 1, powered by pain 1, condensation shield
a: no special abilities


You were on level 4 of the Dungeon.
You visited 1 branch of the dungeon, and saw 4 of its levels.
You also visited: Sewer.

You collected 167 gold pieces.

Inventory:

Hand Weapons
 a - a +0 spear (weapon)
Armour
 b - a +1 leather armour (worn)
Jewellery
 d - the ring "Jaibuach" (left hand) {rElec Str+6 Dex+2}
   (You acquired it on level 3 of the Dungeon)

   [ring of strength]

   Str:       It affects your strength (+6).
   Dex:       It affects your dexterity (+2).
   rElec:     It insulates you from electricity.
 g - an amulet of magic regeneration
 p - an amulet of reflection (around neck)
Wands
 f - a wand of polymorph (9)
 s - a wand of charming (7)
Scrolls
 o - a scroll of noise
 t - a scroll of revelation
Potions
 e - a potion of brilliance
 h - a potion of ambrosia
 i - a potion of mutation
 k - 3 potions of heal wounds
 m - a potion of enlightenment
 n - a potion of haste
 q - 2 potions of lignification


   Skills:
 - Level 2.0 Fighting
 + Level 7.0 Polearms
 - Level 1.7 Dodging
 - Level 2.0 Spellcasting
 - Level 3.0 Conjurations


You had 8 spell levels left.
You knew the following spells:

 Your Spells              Type           Power      Damage    Failure   Level
a - Kiss of Death         Conj/Necr      24%        2d7       12%         1

Your spell library contained the following spells:

 Spells                   Type           Power      Damage    Failure   Level
 Momentum Strike          Conj/Tloc      12%        3d8       19%         2
 Hailstorm                Conj/Ice       6%         3d4       36%         3
 Tukima's Dance           Hex            1%         N/A       56%         3
 Silence                  Hex/Air        0%         N/A       99%         5
 Yara's Violent Unravell  Hex/Tmut       0%         3d3       99%         5
 Simulacrum               Ice/Necr       0%         N/A       100%        6


Dungeon Overview and Level Annotations

Branches:
Dungeon (4/15)              Sewer (visited)
 Temple: D:4-7

Altars:


Innate Abilities, Weirdness & Mutations

You have large cloven feet.
You are partially covered in icy blue scales. (AC +2)
You sometimes gain a little power by taking damage.
A meltable shield of frost defends you. (SH +4)


Message History

Unknown command.
You miss the killer bee.
The killer bee is almost dead.
You feel sick. The killer bee closely misses you. The killer bee stings you.
You are more poisoned.
The killer bee poisons you!
The killer bee stings you but does no damage.
You barely miss the killer bee. Your kick misses the killer bee.
The killer bee is almost dead.
You feel very sick. The killer bee stings you.
You block the killer bee's attack. The killer bee closely misses you.
The killer bee stings you! The killer bee misses you.
The killer bee barely misses you.
Unknown command.
You are too injured to fight recklessly!
Unknown command.
You are too injured to fight recklessly!
You feel better. You block the killer bee's attack. x2
The killer bee stings you!
You are poisoned.
The killer bee poisons you!
An orc comes into view. It is wielding a +0 whip.
You block the killer bee's attack. x3
You feel yourself speed up.
You feel sick.
The killer bee stings you but does no damage.
The killer bee stings you!
* * * LOW HITPOINT WARNING * * *
You block the killer bee's attack. x2; The killer bee stings you.
* * * LOW HITPOINT WARNING * * *
You block the killer bee's attack.
The killer bee attacks as you move away!
The killer bee stings you.
* * * LOW HITPOINT WARNING * * *
You are lethally poisoned!
The killer bee poisons you!
* * * LOW HITPOINT WARNING * * *
You feel sick.
The killer bee closely misses your butterfly.
The killer bee stings you.
You die...

≈≈.. ##....<## #.....
....####...#...###......
.....#.#..##.#.#........
.........#####.#........
.........# #..#.b.....
.........#####..#b......
............##...bb.....
...........b...b.bbb....
.......##.).bb@b.b.bo...
......####b.byb.b.......
.#.... #....byy...b.....
...#. ##...b...bb......
.#. #.b.b.b.b##b.... .
#....bb..<###...
#.......... ...
......#......
......#.......


You could see 3 killer bees and an orc.

Vanquished Creatures
  Sigmund (D:2)
  A kobold brigand (Sewer)
  Jessica (D:2)
  Terence (D:2)
  7 adders
  2 river rats
  A shadow imp (D:3)
  3 worms (Sewer)
  2 dart slugs
  6 endoplasms
  2 giant cockroaches
  4 goblins
  2 hobgoblins
  10 kobolds
  3 quokkas (D:1)
  5 ball pythons
  6 bats
  2 frilled lizards
  5 rats
64 creatures vanquished.

Notes
Turn   | Place    | Note
-------+----------+-------------------------------------------
     0 | D:1      | Maxmaps the Demonspawn Reaver began the quest for the Orb.
     0 | D:1      | Reached XP level 1. HP: 16/16 MP: 3/3
    45 | D:1      | Reached skill level 3 in Polearms
   113 | D:1      | Gained mutation: You sometimes gain a little power by
                  | taking damage. [demonic ancestry]
   113 | D:1      | Reached XP level 2. HP: 22/22 MP: 5/5
   893 | D:2      | Noticed Sigmund
   917 | D:2      | Killed Sigmund
   918 | D:2      | Reached skill level 5 in Polearms
   918 | D:2      | Gained mutation: You have large cloven feet. [demonic
                  | ancestry]
   918 | D:2      | Reached XP level 3. HP: 13/27 MP: 6/6
   918 | D:2      | Gained mutation: A meltable shield of frost defends you.
                  | (SH +4) [demonic ancestry]
   918 | D:2      | Reached XP level 4. HP: 16/33 MP: 7/7
   918 | D:2      | Reached XP level 5. HP: 19/38 MP: 8/8
  1191 | D:2      | Got Jisasa's Secrets of the Hindering Snowflakes
  1263 | D:2      | Noticed Jessica
  1271 | D:2      | Killed Jessica
  1299 | D:2      | Reached skill level 6 in Polearms
  1397 | D:2      | Noticed Terence
  1420 | D:2      | Killed Terence
  1477 | D:2      | Gained mutation: You are partially covered in icy blue
                  | scales. (AC +2) [demonic ancestry]
  1477 | D:2      | Reached XP level 6. HP: 31/41 MP: 9/9
  1979 | D:3      | Identified a scroll of acquirement
  1979 | D:3      | Acquired the ring "Jaibuach" {rElec Str+6 Dex+2}
  2056 | D:3      | Found a glowing drain.
  2119 | Sewer    | Entered a sewer
  3103 | D:3      | Reached skill level 7 in Polearms
  3700 | D:4      | Slain by a killer bee

Illustrated notes

Levels and vault maps discovered:
D:1:      evilmike_arrival_grusome_pit, layout_loops_ring
D:2:      layout_loops_ring, minmay_misc_feat_plants, uniq_terence,
          uniq_sigmund, uniq_jessica
D:3:      layout_loops_corners, nicolae_overflow_crystal_walls,
          cheibrodos_sewer_entry_sluice
D:4:      layout_cave_pools, lemuel_temple_firewalk_a, serial_shops,
          kennysheep_mini_moat, uniq_menkaure

Skill      XL: |  1  2  3  4  5  6 |
---------------+-------------------+-----
Polearms       | 3 5 6 7 |  7.0
Fighting       | |  2.0
Dodging        | |  1.7
Spellcasting   | |  2.0
Conjurations   | |  3.0

Action                     |  1- 3 |  4- 6 || total
---------------------------+-------+-------++-------
  Melee: Spear             |    81 |   257 ||   338
         Kick              |       |    56 ||    56
         Unarmed           |       |     3 ||     3
         Punch             |       |     2 ||     2
   Cast: Kiss of Death     |     1 |     1 ||     2
    Use: Potion            |     3 |     6 ||     9
         Scroll            |       |    12 ||    12
   Stab: Sleeping          |     1 |     1 ||     2
 Armour: Leather armour    |     8 |    43 ||    51
         Skin              |       |     1 ||     1
  Dodge: Dodged            |    25 |    87 ||   112
  Block: Other             |       |    58 ||    58
         Reflection        |       |     3 ||     3

Table legend: (Time is in decaauts)
 A = Elapsed time spent in this place.
 B = Non-inter-level travel time spent in this place.
 C = Inter-level travel time spent in this place.
 D = Time resting spent in this place.
 E = Time spent auto-exploring this place.
 F = Levels seen in this place.
 G = Mean time per level.
                   A        B        C        D        E       F      G
               +--------+--------+--------+--------+--------+-----+--------+
         Total |   3711 |   3587 |    124 |    473 |   2486 |   5 |  742.2 |
       Dungeon |   2979 |   2855 |    124 |    169 |   2252 |   4 |  744.8 |
         Sewer |    731 |    731 |      0 |    304 |    234 |   1 |  731.0 |
               +--------+--------+--------+--------+--------+-----+--------+

Top non-repeatable levels by time:
     D:2: 1062 daAuts
     D:3: 984 daAuts
     D:1: 889 daAuts
   Sewer: 731 daAuts
     D:4: 44 daAuts
